AoeStats
← Red Calypso

African Clearing

504370011Analyzed
4v4 RM · 28d ago on Sep 5, 2026· 51m 58s· 8 players
Game mode
Random Map
Map size
Large (8 player)
Population
200
Speed
Normal
Resources
Standard
Victory
Conquest
Starting age
Dark Age
Ending age
Imperial Age
RankedLock teamsTeams togetherTeam positionsShared explorationLock speedFull tech treeHidden civsTurbo modeCheats
Victory
Defeat
🇩🇪 Huns · Germany
1476
+13
🇩🇪 Mongols · Germany
1421
+16
🇩🇪 Vietnamese · Germany
1380
+17
🇦🇹 Armenians · Austria
1346
+19
🇵🇱 Hindustanis · Poland
1513
-20
🇺🇾 Celts · Uruguay
1419
-17
🇺🇸 Lithuanians · United States
1360
-14
🇧🇷 Mongols · Brazil
1357
-14
R Blong 2 me
12:14 Feudal Age
12:41 Double-Bit Axe
14:02 Loom
24:24 Fletching
35:05 Wheelbarrow
43:40 Castle Age
41:42 Horse Collar
46:59 Bow Saw
47:14 Scale Mail Armor
47:26 Forging
47:37 Pikeman
48:18 Squires
48:41 Chain Mail Armor
Carrito de panchos
11:35 Feudal Age
11:49 Loom
12:43 Double-Bit Axe
12:50 Man-at-Arms
16:51 Wheelbarrow
20:26 Castle Age
18:57 Horse Collar
21:54 Scale Mail Armor
27:06 Chain Mail Armor
27:49 Arson
30:49 Forging
35:11 Wheelbarrow
37:18 Gold Mining
41:42 Imperial Age
40:04 Town Watch
41:09 Iron Casting
41:20 Stronghold
41:43 Pikeman
42:57 Plate Mail Armor
43:04 Conscription
43:46 Blast Furnace
43:58 Hoardings
43:29 Elite Woad Raider
44:55 Hoardings
50:21 Hand Cart
Ringss12x
4:41 Loom
12:40 Feudal Age
13:58 Double-Bit Axe
19:07 Wheelbarrow
23:25 Castle Age
22:20 Stone Mining
25:41 Town Watch
32:50 Bow Saw
36:08 Bloodlines
36:08 Fletching
37:40 Bodkin Arrow
38:17 Padded Archer Armor
44:37 Husbandry
48:23 Imperial Age
AfricanNija
5:59 Loom
12:58 Feudal Age
13:40 Town Watch
15:26 Double-Bit Axe
18:41 Fletching
19:02 Forging
21:01 Castle Age
20:14 Bloodlines
20:52 Scale Barding Armor
21:18 Light Cavalry
24:26 Husbandry
28:26 Horse Collar
28:57 Bow Saw
30:02 Wheelbarrow
30:50 Heavy Plow
34:15 Chain Barding Armor
36:21 Gold Mining
41:39 Imperial Age
39:25 Hand Cart
39:59 Gold Shaft Mining
39:18 Stone Mining
41:50 Iron Casting
41:06 Fletching
42:59 Plate Barding Armor
41:46 Heavy Camel Rider
44:44 Blast Furnace
45:16 Conscription
47:14 Imperial Camel Rider
48:03 Fletching
50:34 Bodkin Arrow
51:01 Ballistics
51:31 Bracer
52:32 Chemistry
51:44 Masonry
Red Calypso
5:50 Loom
13:24 Feudal Age
13:41 Man-at-Arms
14:56 Long Swordsman
24:29 Scale Mail Armor
26:28 Forging
26:30 Arson
29:24 Wheelbarrow
28:54 Double-Bit Axe
37:51 Castle Age
36:37 Fletching
36:49 Padded Archer Armor
39:40 Bodkin Arrow
42:53 Imperial Age
40:30 Horse Collar
41:51 Bow Saw
41:39 Gold Mining
42:40 Town Watch
45:38 Chemistry
45:40 Bracer
47:43 Heavy Plow
48:32 Padded Archer Armor
50:24 Heavy Plow
50:57 Ballistics
LukasPlanet
10:27 Loom
12:26 Feudal Age
14:08 Double-Bit Axe
17:00 Castle Age
14:50 Horse Collar
17:41 Wheelbarrow
17:03 Gold Mining
27:05 Fletching
27:58 Bodkin Arrow
29:04 Padded Archer Armor
30:21 Hand Cart
35:32 Leather Archer Armor
36:52 Heavy Plow
40:50 Ballistics
44:13 Imperial Age
45:35 Bracer
45:56 Bow Saw
46:25 Crop Rotation
46:23 Town Watch
47:50 Chemistry
47:56 Ring Archer Armor
48:21 Paper Money
48:33 Town Patrol
50:42 Two-Man Saw
50:10 Elite Rattan Archer
52:30 Hoardings
51:54 Stone Mining
ShellyBlackJack
9:55 Loom
12:01 Feudal Age
17:04 Castle Age
15:16 Double-Bit Axe
18:59 Bow Saw
20:47 Horse Collar
21:00 Gold Mining
21:58 Wheelbarrow
21:57 Fletching
23:09 Gold Shaft Mining
23:20 Bodkin Arrow
25:58 Padded Archer Armor
28:02 Leather Archer Armor
29:17 Husbandry
29:27 Bloodlines
29:39 Ballistics
35:29 Imperial Age
36:24 Bracer
36:31 Thumb Ring
36:52 Parthian Tactics
37:28 Chemistry
38:00 Elite Mangudai
38:54 Elite Mangudai
39:37 Elite Mangudai
40:31 Stone Mining
40:49 Scale Barding Armor
40:54 Forging
41:29 Conscription
43:33 Light Cavalry
44:52 Iron Casting
44:40 Horse Collar
48:17 Hand Cart
47:47 Town Watch
48:46 Chain Barding Armor
49:26 Blast Furnace
48:55 Hussar
51:30 Blast Furnace
52:12 Hoardings
51:35 Murder Holes
52:18 Town Patrol
51:47 Elite Steppe Lancer
51:57 Cavalier
Breznsoiza
11:56 Feudal Age
13:21 Double-Bit Axe
13:33 Loom
18:01 Bloodlines
18:58 Scale Barding Armor
19:46 Forging
23:28 Wheelbarrow
25:45 Castle Age
25:37 Gold Mining
25:38 Stone Mining
27:47 Marauders
28:03 Bow Saw
31:59 Horse Collar
35:34 Husbandry
38:33 Chain Barding Armor
39:34 Gold Shaft Mining
40:01 Hand Cart
39:32 Town Watch
44:13 Imperial Age
42:18 Town Patrol
43:42 Iron Casting
45:31 Conscription
44:38 Elite Tarkan
46:49 Plate Barding Armor
47:14 Blast Furnace
47:47 Two-Man Saw
Connection lost

Rejoining the realm…

Still unreachable

The connection could not be restored.

Session expired

The server has moved on; the page needs a fresh start.